[Event "Early-Titled-Tuesday-Blitz-March-26-2024"]
[Site "Chess.com"]
[Date "2024.03.26"]
[Round "4"]
[White "Rsnr"]
[Black "Sammed_Shete"]
[Result "1-0"]
[WhiteElo "2915"]
[BlackElo "2742"]
[TimeControl "180+1"]
[EndTime "8:37:43 PDT"]
[Termination "Rsnr won by checkmate"]

1. d4 Nf6 2. c4 e6 3. Nf3 d5 4.
e3 Be7 5. b3 O-O 6. Bd3 dxc4 7.
bxc4 c5 8. O-O b6 9. Bb2 Bb7 10. Nbd2 Nc6 11. Qe2 Rc8 12. Rac1 Re8 13. Rfd1 Bd6 14.
Ne4 Nxe4 15. Bxe4 Qe7 16. h3 Na5 17. Bd3 cxd4 18. exd4 Bf4 19. Rc2 f5 20. Re1 Bd6 21. Bc3 Bb4 22. Bxb4 Qxb4 23. Ng5 Re7 24. Bxf5 Rf8 25.
Bxh7+ Kh8 26. Be4 Bxe4 27. Qh5+ Kg8 28. Rxe4 Qb1+ 29. Kh2 g6 30. Qxg6+ Rg7 31. Qxe6+ Rff7 32. Nxf7 Qxc2 33. Ng5+ Kh8 34. Qh6+ Kg8 35. Re8# 1-0

[Event "Early-Titled-Tuesday-Blitz-March-26-2024"]
[Site "Chess.com"]
[Date "2024.03.26"]
[Round "4"]
[White "jinbojinbo"]
[Black "JimDiGrease"]
[Result "0-1"]
[WhiteElo "2645"]
[BlackElo "2957"]
[TimeControl "180+1"]
[EndTime "8:37:43 PDT"]
[Termination "JimDiGrease won by checkmate"]

1. e4 c5 2. Nf3 d6 3. c3 Nf6 4. h3 g6 5. Bd3 Bg7 6. Bc2 e5 7. O-O O-O 8. d4 exd4 9. cxd4 cxd4 10. Nxd4 d5 11. e5 Ne4 12. f4 f6 13. exf6 Qxf6 14. Be3 Ng3 15. Rf3 Nc6 16. Nxc6 bxc6 17. Nc3 Nf5 18.
Bc5 Re8 19. Qd2 Nd4 20. Rff1 Rb8 21. Bd3 Bf5 22. Bxf5 Nxf5 23. Rae1 a5 24. Rxe8+ Rxe8 25. Re1 Rxe1+ 26. Qxe1 Nd6 27. Qe2 h5 28. Qa6 Qxf4 29. Qxc6 Qc1+ 30. Kf2 Qxb2+ 31. Kf1 Qc1+ 32. Kf2 Qd2+ 33.
Kf1 Bxc3 34. Qxd6 Qe1# 0-1

[Event "Early-Titled-Tuesday-Blitz-March-26-2024"]
[Site "Chess.com"]
[Date "2024.03.26"]
[Round "4"]
[White "Goryachkina"]
[Black "Levanzovsky"]
[Result "0-1"]
[WhiteElo "2671"]
[BlackElo "2418"]
[TimeControl "180+1"]
[EndTime "8:37:46 PDT"]
[Termination "Levanzovsky won by resignation"]

1. e4 c5 2. Nf3 g6 3. d4 cxd4 4. Qxd4 Nf6 5. Nc3 Nc6 6. Qa4 d6 7. e5 dxe5 8. Nxe5 Bd7 9. Nxd7 Nxd7 10. Be3 Bg7 11. Be2 O-O 12. O-O Nb6 13. Qh4 Nd4 14. Bd3 e6 15. Bg5 Qc7 16. Rad1 Nf5 17. Qh3 h6 18.
Bc1 h5 19. Ne4 Nd5 20. Qf3 Nd4 21. Qg3 Be5 22. f4 Nf5 23. Qh3 Bd4+ 24. Kh1 Nde3 25. Nf6+ Bxf6 26. Bxe3 Nxe3 27. Qxe3 Bxb2 28. Rb1 Bg7 29.
Be4 Qc4 30. Rxb7 Qxf1+ 0-1

[Event "Early-Titled-Tuesday-Blitz-March-26-2024"]
[Site "Chess.com"]
[Date "2024.03.26"]
[Round "4"]
[White "Cheer_Down"]
[Black "BeautiFullMindChess"]
[Result "1-0"]
[WhiteElo "2481"]
[BlackElo "2300"]
[TimeControl "180+1"]
[EndTime "8:37:46 PDT"]
[Termination "Cheer_Down won on time"]

1. e4 c6 2. d4 d5 3. e5 c5 4.
dxc5 e6 5. a3 Bxc5 6. Nf3 Ne7 7.
Bd3 Nbc6 8. b4 Bb6 9. O-O Ng6 10. Bb2 Nf4 11. c4 Nxd3 12. Qxd3 dxc4 13. Qxc4 O-O 14. Nc3 Nd4 15. Nxd4 Qxd4 16. Qe2 Qf4 17. Rad1 a5 18.
Qb5 Bc7 19. Rfe1 axb4 20. axb4 Ra6 21. Ne4 Ra2 22. Bd4 h6 23. Qc5 Bb8 24. Nd6 Bd7 25. Be3 Qg4 26. Nxb7 Ba7 27. Rd4 Bxc5 28. Rxg4 Bxe3 29.
fxe3 Bc6 30. Nd6 Bd5 31. Rf1 f6 32. exf6 g5 33. h4 Rd8 34. hxg5 Rxd6 35. gxh6+ Kf8 36. h7 1-0

[Event "Early-Titled-Tuesday-Blitz-March-26-2024"]
[Site "Chess.com"]
[Date "2024.03.26"]
[Round "4"]
[White "ArchibaldCerveza29"]
[Black "JiiHart"]
[Result "1-0"]
[WhiteElo "2365"]
[BlackElo "2200"]
[TimeControl "180+1"]
[EndTime "8:37:46 PDT"]
[Termination "ArchibaldCerveza29 won by checkmate"]

1. e4 c5 2. Nf3 Nc6 3. Nc3 Nf6 4.
d4 cxd4 5. Nxd4 d6 6. Bg5 Bd7 7. Qd2 a6 8. O-O-O e6 9. f3 Qc7 10. Kb1 Ne5 11. f4 Nc4 12. Bxc4 Qxc4 13. Rhe1 Be7 14. Bxf6 gxf6 15. f5 O-O-O 16. Nb3 Kb8 17. Qe3 Rc8 18. Rd4 Qc7 19. a4 h5 20. g3 h4 21. g4 h3 22. Rg1 Rcg8 23. a5 Rg5 24. Na4 Rh4 25. Nb6 Rhxg4 26. Rxg4 Rxg4 27. Qxh3 Rg1+ 28. Ka2 e5 29. Qh8+ Bc8 30. Rc4 Qxc4 31. Nxc4 Kc7 32.
Nb6 Bxf5 33. exf5 d5 34. Qc8+ Kd6 35. Qd7# 1-0

[Event "Early-Titled-Tuesday-Blitz-March-26-2024"]
[Site "Chess.com"]
[Date "2024.03.26"]
[Round "4"]
[White "Abund"]
[Black "Ginger_GM"]
[Result "1-0"]
[WhiteElo "2813"]
[BlackElo "2576"]
[TimeControl "180+1"]
[EndTime "8:37:47 PDT"]
[Termination "Abund won by resignation"]

1. e4 g6 2. d4 Bg7 3. Nc3 d6 4.
f4 c6 5. Nf3 d5 6. e5 Bg4 7.
Be3 e6 8. h3 Bxf3 9. Qxf3 h5 10. g3 Ne7 11. Bd3 Nd7 12. O-O-O Qa5 13. g4 O-O-O 14.
f5 gxf5 15. gxf5 Bh6 16. Bxh6 Rxh6 17. Rhg1 c5 18. Rg7 Nc6 19. Qf4 Rhh8 20. Rxf7 Nxd4 21.
Kb1 Kb8 22. fxe6 Nxe6 23. Qf5 Ndf8 24. Qf6 Rg8 25. Bf5 d4 26. Ne4 Re8 27. Nd6 Qd2 28.
Rc1 Nd8 29. Nxe8 Nxf7 30. Qxf7 1-0

[Event "Early-Titled-Tuesday-Blitz-March-26-2024"]
[Site "Chess.com"]
[Date "2024.03.26"]
[Round "4"]
[White "chessdjw"]
[Black "Boorchess"]
[Result "1-0"]
[WhiteElo "2806"]
[BlackElo "2573"]
[TimeControl "180+1"]
[EndTime "8:37:48 PDT"]
[Termination "chessdjw won by resignation"]

1. d4 d5 2. c4 e5 3. dxe5 d4 4. Nf3 Nc6 5. a3 Nge7 6. b4 Ng6 7. Bb2 Ngxe5 8. Nxe5 Nxe5 9. e3 Be6 10. Bxd4 Nxc4 11.
Qc2 Nd6 12. Bd3 c6 13. O-O Qg5 14. Nc3 Nf5 15. Bxf5 Qxf5 16. e4 Qh5 17. Ne2 Bd6 18. f4 O-O 19. Ng3 Qh6 20. e5 Bc7 21. f5 Bd5 22. Rae1 b6 23. f6 g6 24. Be3 Qh4 25.
Rf4 Qg5 26. Rf5 Qg4 27. Rf4 Qe6 28. Bd4 Rfd8 29. Rh4 c5 30. Qc1 Qe8 31. Qh6 1-0

[Event "Early-Titled-Tuesday-Blitz-March-26-2024"]
[Site "Chess.com"]
[Date "2024.03.26"]
[Round "4"]
[White "Kapitan_Bayan"]
[Black "Aisen1011"]
[Result "1/2-1/2"]
[WhiteElo "2293"]
[BlackElo "2465"]
[TimeControl "180+1"]
[EndTime "8:37:48 PDT"]
[Termination "Game drawn by stalemate"]

1. e4 e5 2. Nf3 Nc6 3. Bc4 Bc5 4.
O-O Nf6 5. d3 O-O 6. Nbd2 d5 7.
exd5 Nxd5 8. Re1 Nf4 9. Ne4 Bb6 10. Nxe5 Nh3+ 11. gxh3 Nxe5 12. Bg5 Qd7 13. Nc5 Qf5 14. Qh5 Qxg5+ 15. Qxg5 Nf3+ 16. Kg2 Nxg5 17. Ne4 Bxh3+ 18. Kg3 Nxe4+ 19. Rxe4 Bf5 20. Re7 Bc5 21. Re2 Rfe8 22. Rae1 Rxe2 23. Rxe2 Kf8 24. Kf3 Re8 25. Rxe8+ Kxe8 26.
Kf4 Be6 27. Bb5+ c6 28. Ba4 b5 29. Bb3 Bxb3 30. axb3 Ke7 31. f3 Ke6 32. h3 f5 33.
Kg5 Be3+ 34. Kh4 Bf2+ 35. Kg5 Bg3 36. h4 h6+ 37. Kg6 Bxh4 38. Kxg7 Bg5 39. Kg6 Ke5 40. Kh5 Kf4 41. Kg6 Kxf3 42. Kxf5 Bc1 43. Kg6 Ke2 44. Kh5 Kd2 45. c4 Kxd3 46. cxb5 cxb5 47. Kg4 Kc2 48. Kh5 Kxb3 49. Kg4 Kxb2 50. Kh5 a5 51. Kh4 a4 52. Kg4 a3 53. Kh5 a2 54. Kg4 a1=Q 55. Kh5 Qb1 56. Kg4 Qc2 57. Kh5 Qf5+ 58. Kh4 Qg5+ 59. Kh3 Bf4 1/2-1/2

[Event "Early-Titled-Tuesday-Blitz-March-26-2024"]
[Site "Chess.com"]
[Date "2024.03.26"]
[Round "4"]
[White "subham777"]
[Black "Zampronha1971"]
[Result "0-1"]
[WhiteElo "2541"]
[BlackElo "2354"]
[TimeControl "180+1"]
[EndTime "8:37:48 PDT"]
[Termination "Zampronha1971 won by resignation"]

1. e4 c5 2. Nf3 e6 3. c3 Nf6 4. e5 Nd5 5. d4 cxd4 6. cxd4 b6 7. Nc3 Bb7 8. Bc4 Nxc3 9. bxc3 Qc7 10. Qe2 b5 11.
Bxb5 Qxc3+ 12. Nd2 Qxa1 13. O-O Qxd4 14. Nf3 Qb6 15.
Rd1 Be7 16. Be3 Qd8 17. Bd3 Nc6 18. h4 O-O 19. Ng5 Bxg5 20. Bxg5 Qa5 21. Qh5 g6 22. Qh6 Qxe5 23. Bc1 Qg7 24. Qg5 Ne5 25. Bf1 f6 26. Qg3 Rac8 27. Bb2 Bd5 28. f4 Nc4 29.
Bd4 Nd6 30. Ba1 Nf5 31. Qe1 Qh6 32. g3 Rc2 33. Qa5 Qh5 34. Rxd5 exd5 35. Qxd5+ Kg7 36.
Qxd7+ Rf7 37. Qa4 Qd1 38. Qa6 Qxa1 0-1

[Event "Early-Titled-Tuesday-Blitz-March-26-2024"]
[Site "Chess.com"]
[Date "2024.03.26"]
[Round "4"]
[White "HansOnTwitch"]
[Black "Lukianoo"]
[Result "1-0"]
[WhiteElo "3116"]
[BlackElo "2810"]
[TimeControl "180+1"]
[EndTime "8:37:49 PDT"]
[Termination "HansOnTwitch won on time"]

1. e4 c6 2. Nf3 d5 3. d3 Bg4 4. h3 Bh5 5. Qe2 e6 6. Nc3 Nf6 7. g4 Bg6 8. Bd2 d4 9. Nd1 c5 10. Ne5 Nbd7 11. Nxg6 hxg6 12. e5 Nd5 13. Bg2 Be7 14. f4 Bh4+ 15. Nf2 Qb6 16. O-O-O Bxf2 17. Qxf2 Rc8 18. Bxd5 exd5 19. Kb1 Rc6 20. Bc1 Qb5 21. Rde1 Nb6 22. f5 Na4 23. fxg6 Rxg6 24. Rhf1 O-O 25. e6 Rf6 26. e7 Re8 27. Qg2 Ra6 28. Ka1 c4 29. dxc4 dxc4 30. Rf5 Qb4 31. Qd5 Nc3 32. Qxf7+ 1-0

[Event "Early-Titled-Tuesday-Blitz-March-26-2024"]
[Site "Chess.com"]
[Date "2024.03.26"]
[Round "4"]
[White "TigrVShlyape"]
[Black "Kotlyar_K"]
[Result "1-0"]
[WhiteElo "2902"]
[BlackElo "2601"]
[TimeControl "180+1"]
[EndTime "8:37:49 PDT"]
[Termination "TigrVShlyape won on time"]

1. e4 e5 2. Nf3 Nc6 3. Bb5 a6 4. Ba4 Nf6 5. O-O Be7 6. Re1 b5 7. Bb3 O-O 8. c3 d6 9. d4 Bg4 10. d5 Nb8 11. h3 Bxf3 12. Qxf3 Nbd7 13. Nd2 Rc8 14. a4 c5 15. dxc6 Rxc6 16. axb5 axb5 17.
Nf1 Nc5 18. Bc2 Rc8 19. Ng3 g6 20. Rd1 Ra8 21. Bh6 Re8 22. Rxa8 Qxa8 23. Nf5 Bf8 24. Bxf8 Rxf8 25. Nxd6 Nh5 26. Nxb5 Qa2 27. b4 Ne6 28. Bd3 Nhf4 29. Bf1 Ng5 30. Qe3 Rc8 31.
h4 Nge6 32. g3 Nh5 33. Qf3 Qa4 34. Rd7 Rf8 35. Rd5 Nhg7 36. Rxe5 Rd8 37. Rd5 Rb8 38. Nd6 Rf8 39. e5 Qb3 40. Ne4 Kh8 41. Qd1 Qa2 42. Nf6 Nf5 43. b5 Qb2 44. Qd2 Qb1 45.
Kg2 1-0

[Event "Early-Titled-Tuesday-Blitz-March-26-2024"]
[Site "Chess.com"]
[Date "2024.03.26"]
[Round "4"]
[White "Elegance_Riks"]
[Black "LiadCuba"]
[Result "1-0"]
[WhiteElo "2802"]
[BlackElo "2571"]
[TimeControl "180+1"]
[EndTime "8:37:51 PDT"]
[Termination "Elegance_Riks won on time"]

1. Nf3 d5 2. g3 Nf6 3. Bg2 c5 4. O-O Nc6 5. d4 e6 6. c4 dxc4 7. Qa4 Bd7 8. Qxc4 b5 9. Qd3 c4 10. Qd1 Rc8 11. Re1 Be7 12. e4 O-O 13. Bf4 Nb4 14.
Ne5 Nc6 15. a4 a6 16. axb5 axb5 17. Nc3 Nb4 18. Ra7 Be8 19. Qd2 Nd7 20. Nxd7 Bxd7 21.
Rea1 Bc6 22. d5 exd5 23. exd5 Bd7 24. d6 Bf6 25. Ne4 Nd3 26. Nxf6+ gxf6 27. Be4 Nc5 28.
Bc2 Re8 29. Qd5 Kh8 30. Bf5 Be6 31. Bxe6 fxe6 32. Qh5 Nd7 33. Qf7 1-0

[Event "Early-Titled-Tuesday-Blitz-March-26-2024"]
[Site "Chess.com"]
[Date "2024.03.26"]
[Round "4"]
[White "Zhani-Z"]
[Black "Siemba"]
[Result "1-0"]
[WhiteElo "2232"]
[BlackElo "2445"]
[TimeControl "180+1"]
[EndTime "8:37:52 PDT"]
[Termination "Zhani-Z won by resignation"]

1. e4 e5 2. Nf3 Nc6 3. Nc3 Nf6 4. Bb5 Bb4 5. O-O O-O 6. Bxc6 bxc6 7. Nxe5 Re8 8. Nd3 Bxc3 9. dxc3 Rxe4 10. f3 Re8 11. Bg5 h6 12. Bh4 d6 13. c4 c5 14. Qd2 Be6 15. b3 Bf5 16. Nf2 g5 17. Bg3 Nh5 18.
Rae1 Qf6 19. Ng4 Qg6 20. Ne3 Nf4 21. Bxf4 gxf4 22. Nd5 Kh7 23. Qxf4 Rxe1 24. Rxe1 Rg8 25. g4 Qg5 26. Qxg5 Rxg5 27. h4 Rg7 28. Nf6+ Kg6 29.
Ne8 Bxc2 30. Nxg7 Kxg7 31. Re7 Bb1 32. Rxc7 Bxa2 33. Rb7 a5 34. Rb6 f6 35. Kf2 a4 36.
bxa4 Bxc4 37. a5 d5 38. a6 d4 39. a7 Bd5 40. Rb8 c4 41. a8=Q Bxa8 42. Rxa8 h5 43. Rc8 hxg4 44. fxg4 c3 45. Rc4 Kg6 46. Rxd4 f5 47.
Rc4 fxg4 48. Rxc3 Kh5 49. Kg3 1-0

[Event "Early-Titled-Tuesday-Blitz-March-26-2024"]
[Site "Chess.com"]
[Date "2024.03.26"]
[Round "4"]
[White "cthulhuuu"]
[Black "szachuspl"]
[Result "1-0"]
[WhiteElo "2409"]
[BlackElo "2526"]
[TimeControl "180+1"]
[EndTime "8:37:53 PDT"]
[Termination "cthulhuuu won by resignation"]

1. e4 g6 2. d4 Bg7 3. Nc3 d6 4. f4 a6 5. a4 Nc6 6. Nf3 Bg4 7. Be2 Bxf3 8. Bxf3 Nxd4 9. O-O c6 10.
Bg4 h5 11. Bh3 Nh6 12. f5 Qb6 13. Be3 c5 14. Nd5 Qd8 15. c3 Nc6 16. fxg6 fxg6 17. Qb3 Na5 18. Qa2 c4 19. Bb6 Qb8 20. Nc7+ Qxc7 21.
Bxc7 Nb3 22. Rad1 Be5 23. Be6 Nc5 24. Qxc4 Ng4 25. Bxg4 hxg4 26. g3 Rc8 27. Qxc5 dxc5 28.
Bxe5 Rh5 29. Bf4 c4 30. Rd5 Rc6 31. Rxh5 gxh5 32. Rd1 Rb6 33. Rd2 Kf7 34. Kf2 Ke6 35.
Ke3 Rb3 36. Kd4 b5 37. axb5 axb5 38. Kc5 Kf6 39. e5+ Kf5 40. Re2 e6 41. Bc1 Kg6 42. Rf2 Kg7 43. Rf6 b4 44. Kxc4 bxc3 45. Kxb3 cxb2 46. Bxb2 1-0

[Event "Early-Titled-Tuesday-Blitz-March-26-2024"]
[Site "Chess.com"]
[Date "2024.03.26"]
[Round "4"]
[White "karinachess1"]
[Black "ContrVersia"]
[Result "0-1"]
[WhiteElo "2620"]
[BlackElo "2918"]
[TimeControl "180+1"]
[EndTime "8:37:54 PDT"]
[Termination "ContrVersia won on time"]

1. d4 Nf6 2. c4 g6 3. Nf3 Bg7 4. g3 O-O 5. Bg2 d6 6. Nc3 Nc6 7. O-O e5 8. dxe5 dxe5 9. Bg5 h6 10. Qxd8 Rxd8 11. Bxf6 Bxf6 12. Nd5 Kg7 13. Nxc7 Rb8 14. Nd5 e4 15. Nd2 e3 16. fxe3 Bxb2 17. Rab1 Be5 18.
Nf3 Bd6 19. Nd4 Ne5 20. Rfc1 Bc5 21. Rb5 b6 22. Rb3 Bd7 23. h3 Rbc8 24. Kf2 Bf8 25. Rbc3 h5 26. Nf3 Nc6 27. Nd2 Be6 28. Nb3 Ba3 29.
R1c2 Bf5 30. e4 Be6 31. e3 Ne5 32. Nd4 Bc5 33. Nb3 Rd6 34. Nxc5 Rxc5 35. Ke2 Rdc6 36. Rc1 Kf8 37. Bf1 Rxc4 38. Rxc4 Rxc4 39. Rxc4 Nxc4 40. Kd3 Ne5+ 41. Kd4 Nf3+ 42. Kc3 Ng5 43. h4 Nxe4+ 44. Kd4 Nxg3 45. Bb5 Nf5+ 46. Ke5 Nxh4 47. Nf4 Bxa2 48. Kf6 Nf5 49. Bd3 Nxe3 0-1

[Event "Early-Titled-Tuesday-Blitz-March-26-2024"]
[Site "Chess.com"]
[Date "2024.03.26"]
[Round "4"]
[White "Gurvich_Vitaly"]
[Black "ilushka"]
[Result "1-0"]
[WhiteElo "2709"]
[BlackElo "2506"]
[TimeControl "180+1"]
[EndTime "8:37:54 PDT"]
[Termination "Gurvich_Vitaly won by resignation"]

1. d4 e6 2. Nf3 Nf6 3. Bf4 c5 4. e3 b6 5. c3 Bb7 6. Nbd2 cxd4 7. exd4 d6 8. Bd3 Be7 9. O-O O-O 10. Re1 Nbd7 11.
Qe2 Re8 12. h3 Qc7 13. Bh2 a6 14. a4 g6 15. Rac1 Bf8 16. c4 Bc6 17. b3 Qb7 18.
Qf1 Rac8 19. Rcd1 Rb8 20. Qe2 Ra8 21. Ra1 Rec8 22. b4 a5 23. b5 Bxf3 24. Nxf3 d5 25. Ne5 dxc4 26. Bxc4 Nxe5 27. Bxe5 Bg7 28. Rac1 Nd5 29.
Bxg7 Kxg7 30. Qe5+ Kg8 31. h4 h5 32. Bd3 Qe7 33.
Rxc8+ Rxc8 34. Qxd5 Rc1 35. Qa8+ Kg7 36. Rxc1 1-0

[Event "Early-Titled-Tuesday-Blitz-March-26-2024"]
[Site "Chess.com"]
[Date "2024.03.26"]
[Round "4"]
[White "iAspet"]
[Black "RandomNoob04"]
[Result "0-1"]
[WhiteElo "2462"]
[BlackElo "2634"]
[TimeControl "180+1"]
[EndTime "8:37:54 PDT"]
[Termination "RandomNoob04 won by resignation"]

1. Nf3 Nf6 2. c4 e6 3. g3 d5 4. Bg2 Be7 5. O-O O-O 6. b3 c5 7. cxd5 exd5 8. d4 Nc6 9. Bb2 Re8 10. Nbd2 Bg4 11. h3 Bh5 12. Re1 Ne4 13. Rc1 Bf6 14. g4 Bg6 15. e3 cxd4 16. Nxd4 Nxd4 17. Bxd4 Bxd4 18. exd4 Qf6 19. Nxe4 Bxe4 20. f3 Bg6 21. Qd2 h5 22. Kh1 hxg4 23. fxg4 Be4 24. Rf1 Qh4 25.
Kh2 Bxg2 26. Qxg2 Re3 27. Rc7 Rae8 28. Rcxf7 Rxh3+ 29. Qxh3 Re2+ 30. R1f2 Rxf2+ 31. Rxf2 Qxf2+ 32. Qg2 Qxd4 33. Qe2 Qf4+ 34. Kg2 Kf7 35. Qd1 Ke6 36. Kh3 d4 37. Qc2 Qe3+ 38. Kg2 d3 39. Qc8+ Ke5 40.
Qe8+ Kd4 41. Qd7+ Kc3 42. Qc7+ Kb2 43. Qxg7+ Kxa2 44. Qc3 Qe2+ 45. Kg3 d2 46. Qc2+ Ka3 47.
Qc5+ Kxb3 48. Qd5+ Kc3 49. Qc5+ Qc4 50. Qe5+ Kc2 51.
Qc7 Qxc7+ 52. Kf3 d1=Q+ 53. Ke3 Qd3+ 0-1

[Event "Early-Titled-Tuesday-Blitz-March-26-2024"]
[Site "Chess.com"]
[Date "2024.03.26"]
[Round "4"]
[White "Midgardsormur"]
[Black "Chess4always"]
[Result "1-0"]
[WhiteElo "2449"]
[BlackElo "1993"]
[TimeControl "180+1"]
[EndTime "8:37:55 PDT"]
[Termination "Midgardsormur won by resignation"]

1. e4 c6 2. d4 d5 3. e5 Bf5 4.
Nf3 h5 5. Be2 e6 6. Nbd2 Nd7 7.
Nb3 Ne7 8. O-O c5 9. dxc5 Nc6 10. c4 dxc4 11. Bxc4 Ndxe5 12. Nxe5 Nxe5 13. Bb5+ Nc6 14. Qf3 Rc8 15. h3 g6 16. Rd1 Qf6 17. Nd4 Bxc5 18. Nxc6 bxc6 19. Bxc6+ Kf8 20. Bd2 Bd4 21. Bb4+ Kg8 22.
Bb7 Rc2 23. Rxd4 Qxd4 24. Bc3 Rxc3 25. bxc3 Qb6 26. Rd1 Kg7 27. c4 Rb8 28. Rd7 Rd8 29.
Qc3+ Kg8 30. Rxd8+ Qxd8 31. c5 Qc7 32. c6 Be4 33. a4 Bd5 34. a5 Kf8 35. a6 Ke8 36. h4 Qf4 37. Qg3 Qc1+ 38. Kh2 Bxc6 39. Qb8+ Ke7 40. Qc7+ Kf6 41. Bxc6 Qf4+ 42. Qxf4+ 1-0

[Event "Early-Titled-Tuesday-Blitz-March-26-2024"]
[Site "Chess.com"]
[Date "2024.03.26"]
[Round "4"]
[White "KuzubovYuriy"]
[Black "Aradhya2000"]
[Result "1-0"]
[WhiteElo "2920"]
[BlackElo "2748"]
[TimeControl "180+1"]
[EndTime "8:37:57 PDT"]
[Termination "KuzubovYuriy won by resignation"]

1. d4 d5 2. c4 e6 3. Nf3 Nf6 4. Nc3 Ne4 5. Qc2 Nxc3 6. bxc3 dxc4 7. e4 b5 8. a4 c6 9. Be2 Bb7 10. Rb1 a6 11. Bxc4 Be7 12. O-O O-O 13. Bd3 Nd7 14. c4 bxc4 15. Bxc4 Qc8 16. Qb3 Ra7 17. Bg5 Bxg5 18.
Nxg5 h6 19. Nxf7 Kxf7 20. Bxe6+ Ke8 21. d5 Qc7 22. Rfc1 Ne5 23. Qe3 Ra8 24. f4 Nf7 25. e5 Nd8 26. d6 Qa5 27. Bc4 Bc8 28. e6 Rf6 29. d7+ Ke7 30. Qa3+ c5 31. Bd5 Kd6 32. Bxa8 Nb7 33. dxc8=Q 1-0

[Event "Early-Titled-Tuesday-Blitz-March-26-2024"]
[Site "Chess.com"]
[Date "2024.03.26"]
[Round "4"]
[White "KevinGeorgeMicheal"]
[Black "DCacheiro"]
[Result "1-0"]
[WhiteElo "2408"]
[BlackElo "2510"]
[TimeControl "180+1"]
[EndTime "8:37:57 PDT"]
[Termination "KevinGeorgeMicheal won by checkmate"]

1. e4 c5 2. Nf3 d6 3. d4 cxd4 4.
Nxd4 Nf6 5. Nc3 a6 6. Bc4 e6 7. O-O Be7 8. Qe2 O-O 9. a4 Nc6 10. Be3 Bd7 11. Rad1 Rc8 12. f4 d5 13. exd5 exd5 14.
Nxd5 Bg4 15. Nxf6+ Bxf6 16. Qxg4 Bxd4 17. Bxd4 Nxd4 18.
Bd3 Qf6 19. c3 Nb3 20. Bc2 Nc5 21. Rd5 Qb6 22. Kh1 Qxb2 23. Bf5 Rc7 24. Bxh7+ Kxh7 25. Rh5+ Kg8 26. Qh3 f6 27. Re1 Kf7 28. Rh7 Qc2 29.
Rh5 Qg6 30. Rd5 Nd3 31. Qe6# 1-0

[Event "Early-Titled-Tuesday-Blitz-March-26-2024"]
[Site "Chess.com"]
[Date "2024.03.26"]
[Round "4"]
[White "Ticoluis"]
[Black "JaackCamel"]
[Result "1-0"]
[WhiteElo "2499"]
[BlackElo "2191"]
[TimeControl "180+1"]
[EndTime "8:37:57 PDT"]
[Termination "Ticoluis won by checkmate"]

1. e4 e6 2. d4 d5 3. Nd2 c5 4. Ngf3 cxd4 5. exd5 Qxd5 6. Bc4 Qd6 7. O-O Nf6 8. Re1 Nc6 9. Nb3 a6 10. Nbxd4 Nxd4 11. Nxd4 Qc7 12. Bb3 Bd6 13. h3 O-O 14. Qf3 b5 15. Bg5 Bb7 16. Qd3 Nd5 17. Nxe6 fxe6 18. Rxe6 Bf4 19. Re7 Qd8 20. Rxb7 Bxg5 21. Rd1 Qf6 22.
Bxd5+ Kh8 23. Bf3 h6 24. c3 Rae8 25. Rd7 Bf4 26. Bh5 Re5 27. Bg6 Rg5 28. Be4 Bb8 29.
Qe2 Qf4 30. g3 Rxg3+ 31. fxg3 Qxg3+ 32. Qg2 Qe3+ 33. Kh1 Bg3 34. Rd8 Rxd8 35. Rxd8# 1-0

[Event "Early-Titled-Tuesday-Blitz-March-26-2024"]
[Site "Chess.com"]
[Date "2024.03.26"]
[Round "4"]
[White "Hauptsache_Gambit"]
[Black "LileKoridze"]
[Result "0-1"]
[WhiteElo "2186"]
[BlackElo "2455"]
[TimeControl "180+1"]
[EndTime "8:37:58 PDT"]
[Termination "LileKoridze won by checkmate"]

1. e4 c5 2. b4 cxb4 3. a3 bxa3 4. Bxa3 d6 5. Nf3 Nc6 6. Be2 Nf6 7. Nc3 g6 8. O-O Bg7 9. Rb1 O-O 10. d4 d5 11.
exd5 Nxd5 12. Nxd5 Qxd5 13. c4 Qa5 14. Rb3 Bg4 15.
d5 Bxf3 16. Bxf3 Nd4 17. Rd3 Nxf3+ 18. Qxf3 Rfe8 19. g3 Qc7 20. c5 e5 21. d6 Qd7 22.
Qd5 Rac8 23. Rb1 b6 24. cxb6 axb6 25. Rxb6 e4 26. Rd1 Re5 27. Qb7 Qg4 28. Re1 Rd8 29. Ra6 Ree8 30. Ra7 Qf5 31. d7 Bd4 32. dxe8=Q+ Rxe8 33.
Rf1 e3 34. fxe3 Bxe3+ 35. Kh1 Qxf1# 0-1

[Event "Early-Titled-Tuesday-Blitz-March-26-2024"]
[Site "Chess.com"]
[Date "2024.03.26"]
[Round "4"]
[White "jakopogi"]
[Black "ChristopherYoo"]
[Result "1-0"]
[WhiteElo "2810"]
[BlackElo "2967"]
[TimeControl "180+1"]
[EndTime "8:37:59 PDT"]
[Termination "jakopogi won on time"]

1. e4 e5 2. Nf3 Nc6 3. Bb5 Nf6 4. O-O Nxe4 5. Re1 Nd6 6. Nxe5 Be7 7. Nxc6 dxc6 8.
Bf1 O-O 9. d4 Nf5 10. c3 c5 11.
d5 Nd6 12. Nd2 Bf6 13. Ne4 Bd7 14. Nxc5 Bf5 15. Bf4 Qc8 16. Be5 Bxe5 17. Rxe5 Re8 18. Qe1 Rxe5 19. Qxe5 Qe8 20. Re1 Qxe5 21. Rxe5 Kf8 22.
f3 h5 23. Nxb7 Nxb7 24. Rxf5 g6 25. Re5 a5 26. Re2 a4 27. Rd2 Nd6 28. Kf2 Ke7 29.
c4 Ra5 30. b4 axb3 31. axb3 Nb7 32. b4 Ra4 33. Rb2 Kd6 34. Ke3 Ra1 35. Bd3 Ke5 36. f4+ Kf6 37. c5 Ra3 38. Kd4 Nd8 39. b5 Ra4+ 40. Bc4 Nb7 41. Ra2 Rb4 42. Ra7 Nd8 43. Rxc7 Rb2 44. Rd7 Rxg2 45. Rxd8 Rxh2 46. c6 Rb2 47. c7 1-0

[Event "Early-Titled-Tuesday-Blitz-March-26-2024"]
[Site "Chess.com"]
[Date "2024.03.26"]
[Round "4"]
[White "ChempionBg"]
[Black "Slovineanu"]
[Result "0-1"]
[WhiteElo "2362"]
[BlackElo "2518"]
[TimeControl "180+1"]
[EndTime "8:37:59 PDT"]
[Termination "Slovineanu won on time"]

1. d4 Nf6 2. c4 e6 3. Nf3 d5 4.
g3 Bb4+ 5. Bd2 Be7 6. Bg2 O-O 7. O-O Nbd7 8. Bf4 Ne4 9. Qc2 c6 10. Nc3 g5 11. Be3 f5 12. Ne5 Nxe5 13. dxe5 Nxc3 14. Qxc3 b6 15. cxd5 cxd5 16. Rfc1 Bd7 17. Qc7 Kf7 18. a4 h6 19. a5 Bb5 20. axb6 axb6 21. Bxb6 Qxc7 22. Bxc7 Bxe2 23. Rxa8 Rxa8 24. Bd6 Bc4 25. Bf1 Rc8 26. Bxc4 dxc4 27. Bxe7 Kxe7 28. f4 Rc5 29.
Kf2 Kd7 30. Ke3 Kc6 31. Kd4 Kb5 32. fxg5 hxg5 33. h4 Rd5+ 0-1

[Event "Early-Titled-Tuesday-Blitz-March-26-2024"]
[Site "Chess.com"]
[Date "2024.03.26"]
[Round "4"]
[White "ogpin"]
[Black "Rud_Makarian"]
[Result "0-1"]
[WhiteElo "2273"]
[BlackElo "3082"]
[TimeControl "180+1"]
[EndTime "8:38:00 PDT"]
[Termination "Rud_Makarian won by resignation"]

1. e4 g6 2. d4 Bg7 3. Be3 c6 4. h4 d5 5. Nc3 dxe4 6. Nxe4 Nf6 7. Nxf6+ exf6 8. h5 O-O 9. hxg6 hxg6 10. Bc4 Re8 11. Qf3 Be6 12. Bxe6 Rxe6 13. O-O-O Qd5 14. Qxd5 cxd5 15.
Ne2 Nd7 16. Nc3 Nb6 17. Bh6 Rae8 18. Bxg7 Kxg7 19. b3 Rc8 20. Kb2 f5 21. Rd2 a6 22.
f4 Re3 23. Rd3 Rxd3 24. cxd3 Re8 25. Kc2 Re3 26. Kd2 Rg3 27. Rh2 Rg4 28. Ne2 Nd7 29. g3 Nf8 30. Ke3 Ne6 31. Kf3 g5 32. Rg2 Kf6 33. Rh2 gxf4 34. gxf4 Rg8 35. Rh6+ Kg7 36.
Rh5 Kg6 37. Rh1 Rc8 38. Rc1 Nxd4+ 39. Ke3 Rxc1 40. Nxc1 Ne6 41. Ne2 Kh5 42. Kf3 Kh4 43. d4 Kh3 44. a4 a5 45. Ke3 Kg4 46. Nc3 Nxf4 47. Nb5 Ne6 48. Nd6 f4+ 49. Kf2 Nxd4 50.
Nxb7 Nxb3 51. Nd6 f6 52. Ke2 Kg3 53. Kf1 f3 54. Nf5+ Kf4 55. Nd6 d4 56. Nc4 d3 57.
Kf2 d2 58. Nb2 Ke4 59. Nd1 Nc5 60. Nc3+ Kd3 61. Nd1 Kc2 62. Ne3+ Kc1 63. Kxf3 d1=Q+ 64. Nxd1 Kxd1 65. Kf4 Nxa4 66. Kf5 Nc3 0-1